 Dungeon Crawl Stone Soup version 0.19-a0-965-g50bf062 (webtiles) character file.

93833 Etesian the Black Belt (level 15, -20/141 HPs)
             Began as a Minotaur Monk on July 12, 2016.
             Was the Champion of Okawaru.
             Killed from afar by a shock serpent (26 damage)
             ... with a bolt of electricity
             ... on level 1 of the Snake Pit.
             The game lasted 01:16:29 (29727 turns).

Etesian the Black Belt (Minotaur Monk)             Turns: 29727, Time: 01:16:29

Health: -20/141    AC: 23    Str: 17    XL:     15   Next: 61%
Magic:  20/20      EV: 22    Int:  7    God:    Okawaru [******]
Gold:   3166       SH: 17    Dex: 22    Spells: 3 memorised, 7 levels left

rFire  + . .     SeeInvis .       - Unarmed
rCold  . . .     Gourm    .     S - +1 chain mail {rF+}
rNeg   . . .     Faith    .     p - +0 shield {rPois}
rPois  +         Spirit   .     (helmet restricted)
rElec  .         Dismiss  .     T - +0 cloak of the Hurricane {Dex+3}
rCorr  .         Reflect  +     (no gloves)
SustAt .         Harm     .     M - +2 pair of boots
MR     +....     Clarity  +     u - +3 amulet of reflection
Stlth  ..........               G - ring of poison resistance
                                A - +5 ring of evasion

@: somewhat resistant to hostile enchantments, extremely unstealthy
A: retaliatory headbutt, horns 2, talons 1, rough black scales 1, rugged brown
scales 1, clarity, screaming 1, shaggy fur 1, strong 1, evolution 2, sturdy
frame 1
a: Heroism, Finesse, Renounce Religion


You were on level 1 of the Snake Pit.
You worshipped Okawaru.
Okawaru was exalted by your worship.
You were very hungry.

You visited 5 branches of the dungeon, and saw 25 of its levels.
You also visited: Bailey, Ice Cave and Volcano.

You collected 3806 gold pieces.
You spent 640 gold pieces at shops.

Inventory:

Hand Weapons
 x - the +6 arbalest "Huhogiq" {penet, +Blink Str+6}
   (You bought it in a shop on level 2 of the Orcish Mines)

   Ammo fired by it will pass through the targets it hits, potentially hitting
   all targets in its path until it reaches maximum range.
   It affects your strength (+6).
   It lets you blink.
Missiles
 l - 70 bolts
 z - 9 throwing nets (quivered)
Armour
 p - a +0 shield of poison resistance (worn)
 r - a +2 leather armour of magic resistance
 K - a +2 chain mail of cold resistance
 M - a +2 pair of boots (worn)
 S - a +1 chain mail of fire resistance (worn)
 T - the +0 cloak of the Hurricane (worn) {Dex+3}
   (You acquired it on level 6 of the Lair of Beasts)

   It affects your dexterity (+3).
Jewellery
 u - a +3 amulet of reflection (around neck)
 A - a +5 ring of evasion (left hand)
 C - an uncursed ring of ice
 D - an uncursed ring of fire
 G - a ring of poison resistance (right hand)
 Q - an uncursed ring of fire
 U - an uncursed ring of positive energy
 V - an uncursed ring of positive energy
 W - an uncursed ring of resist corrosion
Wands
 f - a wand of acid (7/15)
 k - a wand of teleportation (4/9)
 s - a wand of acid (6/15)
 H - a wand of digging (5/24)
 J - a wand of iceblast (1/15)
 L - a wand of teleportation (6/9)
 X - a wand of disintegration (14/24)
Scrolls
 d - 4 scrolls of enchant armour
 e - 4 scrolls of enchant weapon
 j - 3 scrolls of magic mapping
 t - 6 scrolls of remove curse
 y - 2 scrolls of fear
 B - a scroll of teleportation
 E - a scroll of fog
 O - 2 scrolls of summoning
Potions
 g - 5 potions of curing
 i - a potion of haste
 m - 6 potions of brilliance
 n - 2 potions of resistance
 o - 5 potions of flight
 q - 4 potions of heal wounds
 v - a potion of invisibility
 w - a potion of cure mutation {unknown}
 I - 3 potions of ambrosia
 P - a potion of berserk rage {unknown}
 R - 3 potions of agility
Miscellaneous
 F - a lamp of fire
Comestibles
 a - 23 fruits
 b - 22 bread rations
 c - 5 meat rations
 h - 11 slices of pizza
 N - 17 royal jellies


   Skills:
 + Level 13.8 Fighting
 + Level 9.4 Armour
 + Level 12.7 Dodging
 - Level 1.5 Stealth
 - Level 15.0 Shields
 * Level 16.9 Unarmed Combat
 - Level 8.0 Invocations


You had 7 spell levels left.
You knew the following spells:

 Your Spells              Type           Power        Failure   Level  Hunger
b - Song of Slaying       Chrm           #.......     100%        2    ###....
c - Regeneration          Chrm/Necr      #.........   100%        3    ####...
d - Shroud of Golubria    Chrm/Tloc      #.........   100%        2    ###....


Dungeon Overview and Level Annotations

Branches:
Dungeon (15/15)            Temple (1/1) D:6            Lair (6/6) D:9
  Swamp (0/4) Lair:3        Snake (1/4) Lair:3        Slime (0/5) Lair:5
    Orc (2/2) D:10            Elf (0/3) Orc:2        Vaults (0/5) D:14
 Depths (0/5) D:15

Altars:
Ashenzari
Cheibriados
Dithmenos
Elyvilon
Fedhas
Gozag
Hepliaklqana
Kikubaaqudgha
Makhleb
Nemelex Xobeh
Okawaru
Pakellas
Qazlal
Ru
Sif Muna
Trog
Uskayaw
Vehumet
Xom
Yredelemnul
Zin
The Shining One

Shops:
D:6 (   D:8 %   D:11 %   Orc:2 ([*:

Annotations:
D:12 2 runed doors
Lair:5 exclusion: 2 oklob plants


Innate Abilities, Weirdness & Mutations

You reflexively headbutt those who attack you in melee.
You have a pair of horns on your head.
You have sharp toenails.
You are partially covered in rough black scales. (AC +4, Dex -1)
You are partially covered in rugged brown scales. (AC +1, +3% HP)
You possess an exceptional clarity of mind.
You occasionally shout uncontrollably at your foes.
You are covered in fur. (AC +1)
Your muscles are strong. (Str +2)
You rapidly evolve.
Your movements are slightly less encumbered by armour. (ER -2)


Message History

You block the shock serpent's attack.
You take 116 damage, and have 5/141 hp.
MASSIVE DAMAGE!!
You closely miss the shock serpent.
The shock serpent is almost dead.
The shock serpent misses you.
You hit the shock serpent.
The shock serpent is almost dead.
The shock serpent barely misses you.
You hit the shock serpent but do no damage.
Your headbutt misses the shock serpent.
The shock serpent is almost dead.
You block the shock serpent's attack.
You barely miss the shock serpent.
The shock serpent is almost dead.
The shock serpent completely misses you.
You miss the shock serpent.
The shock serpent is almost dead.
The shock serpent shoots out a bolt of lightning at you!
The bolt of electricity hits you!
You die...

# #. .##. ..
....##. ..... #
.### .... ># ....
#.. .$.. ....
##S####....
#..##..@.#...... ..
#....#..........
#..#...##.........#
#...........#..#...
............#....#
................#
....#......[....#
... #...##......#
........##...##.#


You could see a shock serpent.

Vanquished Creatures
  A storm dragon (D:12)
  A frost giant (D:14)
  An orc warlord (Orc:1)
  2 fire dragons
  4 slime creatures (D:12)
  The ghost of Narqulie the Blocker, a journeyman MiFi (D:11)
  2 ice dragons (IceCv)
  2 vault guards (D:14)
  7 hydras
  3 centaur warriors
  A catoblepas (Lair:3)
  A naga sharpshooter (Snake:1)
  4 orc high priests
  Urug (Lair:5)
  A golden dragon zombie (D:15)
  5 unseen horrors
  A flayed ghost (D:15)
  2 skeletal warriors (D:15)
  A wolf spider zombie (D:14)
  4 orc knights
  4 necromancers
  Pikel (D:4)
  3 hill giants
  2 deep elf magi (D:14)
  4 manticores
  3 orc sorcerers (Orc:2)
  A mana viper (Snake:1)
  18 ugly things
  A fire giant zombie (D:15)
  2 cyclopes
  4 griffons
  2 ice statues (IceCv)
  3 naga magi (Snake:1)
  3 elephants (Lair:6)
  4 black mambas
  Joseph (D:6)
  5 spiny frogs
  Psyche (D:9)
  5 rime drakes
  9 komodo dragons
  An efreet (Volcano)
  A queen bee (D:11)
  4 two-headed ogres
  10 trolls
  The ghost of bezhaha the Ducker, an amateur DgAs (D:4)
  6 blink frogs (Lair:2)
  A centaur simulacrum (D:14)
  A meliai zombie (D:13)
  A spriggan (D:8)
  A spriggan skeleton (D:15)
  3 shadows
  35 yaks
  A spriggan (shapeshifter) (D:14)
  3 wyverns
  2 fire elementals (Volcano)
  Grum (D:10)
  Eustachio (D:6)
  A hog (shapeshifter) (D:15)
  21 humans (D:14)
  2 basilisks
  6 hungry ghosts
  2 vampire mosquitoes
  7 hippogriffs
  2 steam dragons (Lair:6)
  3 wargs
  A mottled dragon (Lair:6)
  6 nagas
  6 porcupines
  9 water moccasins
  24 orc warriors
  18 ice beasts
  4 slaves (D:4)
  2 swamp drakes (Lair:6)
  An eye of draining (D:9)
  4 sky beasts
  An elephant zombie (Lair:5)
  2 black bears
  A necrophage (D:9)
  7 ogres
  8 phantoms
  5 centaurs
  4 wolves (D:10)
  14 crocodiles
  4 big kobolds
  15 giant frogs
  9 gnoll sergeants
  3 water moccasin skeletons
  38 killer bees
  A scorpion (D:11)
  2 electric eels (Lair:5)
  4 howler monkeys
  13 wights
  A tengu skeleton (D:15)
  8 crimson imps
  16 orc wizards
  5 centaur zombies
  7 hounds
  2 jellies
  2 giant frog zombies
  7 gnoll shamans
  6 centaur skeletons
  3 giant frog skeletons
  18 orc priests
  8 iguanas
  9 worker ants
  7 hell rats (Lair:3)
  A killer bee zombie (D:7)
  23 sheep
  2 crocodile zombies (Lair:5)
  A hound skeleton (D:10)
  2 worker ant zombies
  26 gnolls
  10 adders
  56 river rats
  4 shadow imps
  12 white imps (D:13)
  3 oozes
  2 adder skeletons
  2 adder zombies (D:7)
  5 worms
  A dart slug (D:2)
  6 giant geckos
  73 orcs
  8 giant cockroaches
  8 goblins
  13 hobgoblins
  12 jackals
  9 quokkas
  3 ball pythons
  7 bats
  7 giant newts
  2 jackal skeletons
  33 kobolds
  9 rats
  A fungus (Lair:5)
  A plant (Lair:6)
885 creatures vanquished.

Vanquished Creatures (collateral kills)
  A killer bee (D:7)
1 creature vanquished.

Vanquished Creatures (others)
  A centaur warrior (D:13)
  An unseen horror (D:13)
  A cyclops (D:14)
  A rime drake (Lair:6)
  2 centaurs
  An orc (Orc:2)
  A kobold (D:10)
  11 fungi (Lair:6)
  18 plants
37 creatures vanquished.

Grand Total: 923 creatures vanquished

Notes
Turn   | Place    | Note
-------+----------+-------------------------------------------
     0 | D:1      | Etesian the Minotaur Monk began the quest for the Orb.
     0 | D:1      | Reached XP level 1. HP: 19/19 MP: 0/0
   400 | D:1      | Reached XP level 2. HP: 27/27 MP: 1/1
   697 | D:1      | Reached XP level 3. HP: 26/33 MP: 2/2
   910 | D:1      | Gained mutation: You evolve. [potion of mutation]
   910 | D:1      | Gained mutation: You are partially covered in rough black scales. (AC +4, Dex -1) [potion of mutation]
   910 | D:1      | Gained mutation: Scrolls take you a little longer to read. [potion of mutation]
  1044 | D:2      | Reached skill level 1 in Armour
  1312 | D:2      | Reached skill level 4 in Unarmed Combat
  1312 | D:2      | Reached XP level 4. HP: 39/41 MP: 3/3
  1556 | D:2      | Found a shimmering altar of Xom.
  1745 | D:2      | Gained mutation: Your movements are slightly less encumbered by armour. (ER -2) [evolution]
  2017 | D:3      | Reached XP level 5. HP: 46/47 MP: 4/4
  2762 | D:4      | Noticed a slave
  2763 | D:4      | Noticed a slave
  2776 | D:4      | Killed a slave
  2784 | D:4      | Killed a slave
  2923 | D:4      | Noticed Pikel
  2924 | D:4      | Noticed a slave
  2944 | D:4      | Killed Pikel
  2944 | D:4      | Reached skill level 5 in Fighting
  2944 | D:4      | Reached skill level 5 in Dodging
  2944 | D:4      | Reached skill level 6 in Unarmed Combat
  2944 | D:4      | Reached XP level 6. HP: 57/57 MP: 5/5
  2944 | D:4      | Reached XP level 7. HP: 62/62 MP: 6/6
  3095 | D:4      | Noticed bezhaha's ghost (amateur DgAs)
  3137 | D:4      | Killed bezhaha's ghost
  3655 | D:5      | Entered Level 5 of the Dungeon
  3715 | D:5      | Reached XP level 8. HP: 71/71 MP: 7/7
  3859 | D:5      | Reached skill level 7 in Unarmed Combat
  3907 | D:5      | Reached skill level 5 in Armour
  3996 | D:5      | Found a sparkling altar of Nemelex Xobeh.
  4323 | D:5      | Gained mutation: You expend magic power (3 MP) to strengthen your wands. [evolution]
  4429 | D:6      | Found a staircase to the Ecumenical Temple.
  4514 | Temple   | Entered the Ecumenical Temple
  4683 | Temple   | Became a worshipper of Warmaster Okawaru
  4683 | Temple   | Reached * piety under Okawaru
  4683 | Temple   | Reached ** piety under Okawaru
  4870 | D:6      | Reached skill level 1 in Invocations
  4995 | D:6      | Noticed Eustachio
  5040 | D:6      | Killed Eustachio
  5040 | D:6      | Reached skill level 8 in Unarmed Combat
  5239 | D:6      | Found Puste's Antique Weapon Emporium.
  5266 | D:6      | Got a steaming copper amulet
  5316 | D:7      | Noticed Joseph
  5347 | D:6      | Killed Joseph
  5347 | D:6      | Reached XP level 9. HP: 25/79 MP: 8/10
  5607 | D:7      | Identified the amulet "Sieha" {Harm *Drain rPois Int+9 Dex-4} (You found it on level 6 of the Dungeon)
  5765 | D:6      | Reached *** piety under Okawaru
  5875 | D:7      | Reached skill level 9 in Unarmed Combat
  6153 | D:7      | Found a hazy altar of Hepliaklqana.
  7085 | D:8      | Found Womany's Food Emporium.
  7107 | D:8      | Reached skill level 5 in Invocations
  7215 | D:8      | Reached **** piety under Okawaru
  7292 | D:8      | Reached XP level 10. HP: 86/88 MP: 12/12
  8044 | D:6      | Gained mutation: You occasionally shout uncontrollably at your foes. [evolution]
  8223 | D:9      | Reached skill level 1 in Shields
  8435 | D:9      | Noticed a manticore
  8453 | D:9      | Killed a manticore
  8695 | D:9      | Found an ancient bone altar of Kikubaaqudgha.
  8709 | D:9      | Reached skill level 10 in Unarmed Combat
  8725 | D:9      | Noticed Psyche
  8733 | D:9      | Killed Psyche
  8929 | D:9      | Reached ***** piety under Okawaru
  8979 | D:9      | Reached skill level 5 in Shields
  9079 | D:9      | Received a gift from Okawaru
  9210 | D:9      | Found a staircase to the Lair.
  9572 | D:10     | Entered Level 10 of the Dungeon
  9625 | D:10     | Found a flagged portal.
  9630 | Bailey   | Entered a bailey
 10465 | D:10     | Killed an unseen horror
 10465 | D:10     | Reached XP level 11. HP: 55/97 MP: 15/15
 10630 | D:10     | Found a staircase to the Orcish Mines.
 10684 | D:10     | Gained mutation: You are covered in fur. (AC +1) [evolution]
 10900 | D:10     | Reached skill level 11 in Unarmed Combat
 11283 | D:10     | Noticed Grum
 11293 | D:10     | Killed Grum
 11330 | D:10     | Gained mutation: You possess an exceptional clarity of mind. [potion of beneficial mutation]
 11407 | D:10     | Noticed a hill giant
 11418 | D:10     | Killed a hill giant
 11528 | D:10     | Received a gift from Okawaru
 11626 | Lair:1   | Entered Level 1 of the Lair of Beasts
 12000 | Lair:1   | Noticed a six-headed hydra
 12007 | Lair:1   | Killed a six-headed hydra
 12247 | Lair:1   | Noticed a six-headed hydra
 12258 | Lair:1   | Killed a six-headed hydra
 12258 | Lair:1   | Reached skill level 12 in Unarmed Combat
 12710 | Lair:2   | Noticed a griffon
 12723 | Lair:2   | Killed a griffon
 12723 | Lair:2   | Reached skill level 10 in Fighting
 12797 | Lair:2   | Reached XP level 12. HP: 100/106 MP: 17/17
 13237 | Lair:2   | Found a bloodstained altar of Trog.
 13407 | Lair:3   | Found a staircase to the Snake Pit.
 13467 | Lair:3   | Noticed a catoblepas
 13470 | Lair:3   | Noticed a five-headed hydra
 13512 | Lair:3   | Killed a catoblepas
 13512 | Lair:3   | Received a gift from Okawaru
 13714 | Lair:3   | Killed a five-headed hydra
 14398 | Lair:3   | Found a staircase to the Swamp.
 15224 | Lair:4   | Reached skill level 13 in Unarmed Combat
 15471 | Lair:4   | Gained mutation: You have sharp toenails. [evolution]
 15837 | Lair:5   | Noticed a four-headed hydra
 15846 | Lair:5   | Killed a four-headed hydra
 15846 | Lair:5   | Reached skill level 10 in Shields
 15887 | Lair:5   | Got a bronze scale mail
 15898 | Lair:5   | Identified the cursed +0 scale mail "Dihuir" {rPois rC+ Str-3} (You found it on level 5 of the Lair of Beasts)
 15985 | Lair:5   | Noticed Urug
 16011 | Lair:5   | Killed Urug
 16414 | Lair:5   | Reached skill level 10 in Dodging
 16865 | Lair:5   | Found a staircase to the Slime Pits.
 16891 | Lair:6   | Entered Level 6 of the Lair of Beasts
 16892 | Lair:6   | Noticed a seven-headed hydra
 16906 | Lair:6   | Killed a seven-headed hydra
 16906 | Lair:6   | Reached XP level 13. HP: 101/116 MP: 15/18
 16992 | Lair:6   | Found a dark tunnel.
 16999 | Volcano  | Entered a volcano
 17288 | Lair:6   | Received a gift from Okawaru
 17302 | Lair:6   | Got a crude greatsling {god gift}
 17316 | Lair:6   | Identified the +0 greatsling of the Bouncing Lies {freeze, rF+ MR+ Str-2 Int+6} (Okawaru gifted it to you on level 6 of the Lair of Beasts)
 17443 | Lair:6   | Identified a scroll of acquirement
 17443 | Lair:6   | Got a distressingly furry cloak
 17454 | Lair:6   | Identified the +0 cloak of the Hurricane {Dex+3} (You acquired it on level 6 of the Lair of Beasts)
 17973 | Lair:6   | Reached skill level 14 in Unarmed Combat
 18813 | Lair:6   | Noticed a fire dragon
 18850 | Lair:6   | Gained mutation: You are partially covered in rugged brown scales. (AC +1, +3% HP) [evolution]
 18856 | Lair:6   | Killed a fire dragon
 19239 | Orc:1    | Entered Level 1 of the Orcish Mines
 19627 | Orc:1    | Received a gift from Okawaru
 19628 | Orc:1    | Got a slimy great mace {god gift}
 19693 | Orc:2    | Entered Level 2 of the Orcish Mines
 20986 | Orc:2    | Noticed an orc warlord
 21046 | Orc:1    | Killed an orc warlord
 21571 | Orc:2    | Reached XP level 14. HP: 101/129 MP: 19/19
 21699 | Orc:2    | Found a staircase to the Elven Halls.
 21904 | Orc:2    | Reached skill level 15 in Unarmed Combat
 21929 | Orc:2    | Found Woletuamo's General Store.
 21930 | Orc:2    | Found Ytucicirch's Book Shop.
 21932 | Orc:2    | Found Basch's Antique Armour Shop.
 21932 | Orc:2    | Found Moloar's Antique Weapon Boutique.
 21937 | Orc:2    | Reached ****** piety under Okawaru
 21952 | Orc:2    | Bought a potion of magic for 136 gold pieces
 21952 | Orc:2    | Bought a potion of agility for 68 gold pieces
 22014 | Orc:2    | Bought a pitted arbalest for 342 gold pieces
 22020 | Orc:2    | Identified the +6 arbalest "Huhogiq" {penet, +Blink Str+6} (You bought it in a shop on level 2 of the Orcish Mines)
 22022 | Orc:2    | Bought a pair of embroidered boots for 94 gold pieces
 22440 | D:11     | Lost mutation: Scrolls take you a little longer to read. [evolution]
 22891 | D:11     | Found Unogarhoto's Food Emporium.
 22892 | D:11     | Noticed Narqulie's ghost (journeyman MiFi)
 22920 | D:11     | Killed Narqulie's ghost
 23515 | D:12     | Found a large runed door.
 23516 | D:12     | Found a large runed door.
 23858 | D:12     | Noticed a storm dragon
 24204 | D:12     | Received a gift from Okawaru
 24953 | D:12     | Killed a storm dragon
 25154 | D:13     | Found a frozen archway.
 25189 | IceCv    | Entered an ice cave
 25590 | IceCv    | Received a gift from Okawaru
 26322 | D:14     | Reached skill level 16 in Unarmed Combat
 26475 | D:14     | Received a gift from Okawaru
 26548 | D:14     | Gained mutation: You rapidly evolve. [evolution]
 26583 | D:14     | Reached XP level 15. HP: 127/139 MP: 20/20
 26840 | D:14     | Gained mutation: Your muscles are strong. (Str +2) [potion of beneficial mutation]
 26962 | D:14     | Found a gate to the Vaults.
 27082 | D:14     | Reached skill level 15 in Shields
 27356 | D:14     | Noticed a frost giant
 27375 | D:14     | Killed a frost giant
 27572 | D:15     | Entered Level 15 of the Dungeon
 27965 | D:15     | Found a shadowy altar of Dithmenos.
 27993 | D:15     | Found a staircase to the Depths.
 28476 | D:15     | Found an opulent altar of Gozag.
 28533 | D:15     | Lost mutation: You expend magic power (3 MP) to strengthen your wands. [evolution]
 28707 | D:15     | Learned a level 2 spell: Shroud of Golubria
 28710 | D:15     | Learned a level 2 spell: Song of Slaying
 28714 | D:15     | Learned a level 3 spell: Regeneration
 29028 | Snake:1  | Entered Level 1 of the Snake Pit
 29721 | Snake:1  | HP: 5/141 [shock serpent/bolt of electricity (18)]
 29727 | Snake:1  | Killed from afar by a shock serpent

Vault maps used:
D:1:      nicolae_arrival_washed_ashore
D:2:      kennysheep_decorative_pillar, tgw_xom
D:3:      minivault_25
D:4:      minmay_door_path, uniq_pikel
D:5:      first_bread, nemelex_lonely_heart_becter
D:6:      serial_shops, shop, lemuel_another_geyser, uniq_eustachio
D:7:      kennysheep_little_box, lightli_corner_chamber, uniq_joseph
D:8:      serial_shops, nicolae_shop_crystal, minivault_5, grunt_pizzeria
D:9:      lair_0_dummy, basic_altar, uniq_psyche
D:10:     orc_0_dummy, enter_bailey_3, uniq_grum
D:11:     minmay_cornered_nines, special_room, serial_shops, nicolae_shop_stone
D:12:     jmf_multi_god_temple2
D:13:     portal_ice_cave_entry_imps
D:14:     grunt_vaults_entry_tiered, hangedman_decor_points
D:15:     gammafunk_depths_entry_grave, grunt_dithmenos_smoke_and_mirrors,
          serial_aquarium, aquarium_bridge_straight, aquarium_window_fake,
          aquarium_window_1, aquarium_window_corridor_3, aquarium_window_2,
          aquarium_view_2d, aquarium_balcony_double_2, grunt_ministairs_6,
          glass_columns_a, grunt_gozag_statues
Temple:   kilobyte_greek_temple
Lair:1:   grunt_megastairs_1
Lair:2:   basic_altar, grunt_forest_large_clearings, grunt_megastairs_2
Lair:3:   swamp_mist, guppyfry_snake_entry_garden
Lair:5:   pond_and_an_island_with_a_cottage, minmay_slime_entry_oklob_open,
          uniq_urug
Lair:6:   guppyfry_lair_end_dragon, nicolae_volcano_entry_two_sided,
          minivault_24
Snake:1:  grunt_megastairs_3, lemuel_fruit_tree
Orc:2:    st_orc_congregation
Bailey:   bailey_polearm_gnolls_kennysheep, bailey
IceCv:    ice_cave_small_dragons
Volcano:  volcano_overflow

Skill      XL: |  1  2  3  4  5  6  7  8  9 10 11 12 13 14 15 |
---------------+----------------------------------------------+-----
Fighting       | 4 5 6 7 8 9 10 11 12 13 | 13.8
Armour         | 1 2 4 5 6 7 8 9 |  9.4
Dodging        | 4 5 6 7 8 10 11 12 | 12.7
Unarmed Combat | 4 6 8 9 10 12 13 14 16 | 16.9
Invocations    | 2 5 6 8 |  8.0
Shields        | 5 7 10 12 14 15 | 15.0
Stealth        | |  1.5

Action                   |  1- 3 |  4- 6 |  7- 9 | 10-12 | 13-15 || total
-------------------------+-------+-------+-------+-------+-------++-------
Melee: Unarmed           |   106 |   127 |   383 |  1172 |  1790 ||  3578
       Headbutt          |     8 |    17 |    80 |   276 |   491 ||   872
       Punch             |       |     1 |    11 |    11 |     5 ||    28
       Kick              |       |       |       |    79 |   285 ||   364
Throw: Throwing net      |       |       |       |     1 |       ||     1
Invok: Heroism           |       |       |     1 |     7 |     4 ||    12
       Finesse           |       |       |       |     3 |     5 ||     8
Evoke: Wand              |       |       |       |     8 |       ||     8
  Use: Scroll            |     4 |     4 |    13 |     8 |    16 ||    45
       Potion            |     1 |     1 |       |     1 |     1 ||     4
 Stab: Distracted        |       |       |     1 |       |     1 ||     2
       Sleeping          |       |       |     1 |     5 |     2 ||     8
       Confused          |       |       |       |       |     1 ||     1
  Eat: Chunk             |     1 |     5 |    13 |    18 |    38 ||    75
       Pizza             |       |       |     1 |       |       ||     1
       Meat ration       |       |       |       |     3 |       ||     3
       Beef jerky        |       |       |       |       |     5 ||     5
Armor: Ring mail         |    32 |    39 |    42 |       |       ||   113
       Robe              |     1 |       |       |       |       ||     1
       Skin              |       |     4 |     4 |       |     2 ||    10
       Leather armour    |       |       |    40 |   150 |    25 ||   215
       Chain mail        |       |       |       |       |   266 ||   266
       Plate armour      |       |       |       |       |    34 ||    34
Dodge: Dodged            |    70 |    66 |   331 |   714 |   732 ||  1913
Block: Buckler           |       |       |       |   120 |       ||   120
       Other             |       |       |       |    23 |     6 ||    29
       Reflection        |       |       |       |     4 |    54 ||    58
       Shield            |       |       |       |   380 |  1025 ||  1405
